 Dungeon Crawl Stone Soup version 0.30-a0-779-g7971cf19c3 (webtiles) character file.

Game seed: 11149561136317072847

45 domi the Conjurer (level 3, -4/24 HPs)
             Began as a Demonspawn Conjurer on Feb 17, 2023.
             Slain by a gnoll
             ... wielding a +0 flail
              (11 damage)
             ... on level 1 of the Dungeon.
             The game lasted 00:03:24 (1480 turns).

domi the Conjurer (Demonspawn Conjurer)             Turns: 1480, Time: 00:03:24

Health: -4/24      AC:  3    Str:  7    XL:     3   Next: 42%
Magic:  6/6        EV: 12    Int: 21    God:
Gold:   77         SH:  0    Dex: 11    Spells: 1/6 levels left

rFire   . . .      SeeInvis .    d - +0 mace
rCold   . . .      Faith    .    (no shield)
rNeg    . . .      Spirit   .    a - +0 robe
rPois   .          Reflect  .    (helmet restricted)
rElec   .          Harm     .    (no cloak)
rCorr   .          Rampage  .    (no gloves)
Will    .....                    c - +0 pair of boots {Fly}
Stlth   ++                       (no amulet)
HPRegen 0.24/turn                i - ring of wizardry {Wiz+}
MPRegen 0.10/turn                (no ring)

@: flying
A: horns 1
a: no special abilities


You were on level 1 of the Dungeon.
You visited 1 branch of the dungeon, and saw 2 of its levels.

You collected 77 gold pieces.

Inventory:

Hand Weapons
 d - a +0 mace (weapon)
   (You took it off a hobgoblin on level 1 of the Dungeon)
Armour
 a - a +0 robe (worn)
 c - a +0 pair of boots of flying (worn)
   (You found it on level 1 of the Dungeon)
Jewellery
 i - a ring of wizardry (left hand) {Wiz+}
   (You found it on level 2 of the Dungeon)
Scrolls
 e - 2 scrolls of teleportation {unknown}
 g - 3 scrolls of identify {unknown}
 h - a scroll of enchant armour {unknown}
Potions
 b - a potion of magic
 f - a potion of invisibility {unknown}
 j - a potion of lignification {unknown}


   Skills:
 - Level 1.7 Dodging
 - Level 1.7 Stealth
 - Level 2.0 Spellcasting
 + Level 5.2 Conjurations
 + Level 0.3 Air Magic


You had one spell level left.
You knew the following spells:

 Your Spells              Type           Power      Damage    Failure   Level
x - Searing Ray           Conj           48%        2d6       1%          2
z - Magic Dart            Conj           96%        1d7       1%          1
Z - Static Discharge      Conj/Air       26%        2-4/arc   2%          2

Your spell library contained the following spells:

 Spells                   Type           Power      Damage    Failure   Level
 Dazzling Flash           Conj/Hex       26%        N/A       6%          3
 Vhi's Electric Charge    Tloc/Air       4%         N/A       16%         3
 Summon Guardian Golem    Hex/Summ       2%         N/A       17%         3
 Fulminant Prism          Conj/Hex       6%         3d6       21%         4
 Iskenderun's Mystic Bla  Conj/Tloc      13%        2d5       21%         4
 Arcjolt                  Conj/Air       6%         1d16      45%         5
 Lightning Bolt           Conj/Air       6%         1d18      45%         5
 Orb of Destruction       Conj           12%        9d7       99%         7
 Spellforged Servitor     Conj/Summ      6%         N/A       100%        7


Dungeon Overview and Level Annotations

Branches:
Dungeon (2/15)

Altars:


Innate Abilities, Weirdness & Mutations

You have a pair of small horns on your head.


Message History

You closely miss the jackal. The jackal closely misses you.
The jackal barely misses you.
You closely miss the jackal. Your headbutt misses the jackal.
The jackal barely misses you. The jackal closely misses you.
Health restored: 24 You barely miss the jackal.
The jackal misses you.
You closely miss the jackal. Your headbutt misses the jackal.
The jackal barely misses you. The jackal bites you.
You take 3 damage, and have 21/24 hp.
You hit the jackal. The jackal barely misses you. The jackal bites you.
You barely miss the jackal.
The jackal bites you but does no damage.
The jackal misses you.
You hit the jackal.
You kill the jackal!
The jackal barely misses you.
The jackal is struck by an arc of lightning.
The kobold is struck by an arc of lightning.
You kill the kobold!
The lightning grounds out.
The jackal misses you.
You now have 0/6 mp.
You sock the jackal!
You kill the jackal!
The jackal closely misses you.
You barely miss the jackal. Your headbutt misses the jackal.
The jackal barely misses you. The jackal closely misses you.
You hit the jackal but do no damage. Your headbutt misses the jackal.
The jackal closely misses you. The jackal barely misses you.
You closely miss the jackal. The jackal closely misses you.
You barely miss the jackal. Your headbutt misses the jackal.
The jackal barely misses you. The jackal closely misses you.
You hit the jackal. You headbutt the jackal.
You kill the jackal!
Health restored: 24
Things that are here:
a jackal corpse; a jackal corpse; a jackal corpse
Things that are here:
a +0 dagger; a kobold corpse
Things that are here:
a jackal corpse; a jackal corpse; a jackal corpse A rat comes into view.
MP restored: 6 A rat is nearby!
A rat is nearby!
A rat is nearby!
A rat is nearby!
A rat is nearby!
You hit the rat.
You kill the rat!
No target in view!
No target in view!
j - a brown potion No target in view!
You see here a hobgoblin corpse.
There is a stone staircase leading down here.
Found an escape hatch in the ceiling.
No target in view!
A dart slug comes into view.
A gnoll comes into view. It is wielding a +0 club.
The gnoll shouts!
You hear a shout! x2
A gnoll comes into view. It is wielding a +0 spear.
There are monsters nearby!
There are monsters nearby!
There are monsters nearby! 2 gnolls come into view.
The gnoll shouts!
The gnoll is struck by an arc of lightning.
The dart slug is struck by an arc of lightning.
The gnoll is struck by an arc of lightning.
The lightning grounds out.
The gnoll shouts!
The gnoll barely misses you.
You now have 4/6 mp.
You hit the gnoll but do no damage. The gnoll closely misses you.
The gnoll hits you with a +0 club.
You take 5 damage, and have 19/24 hp.
MASSIVE DAMAGE!!
The gnoll is struck by an arc of lightning. x2
The dart slug is struck by an arc of lightning.
The lightning grounds out.
The gnoll barely misses you.
You now have 2/6 mp.
The gnoll is struck by an arc of lightning. x3
The lightning grounds out.
The gnoll barely misses you.
You now have 0/6 mp.
You don't have enough magic to cast this spell.
You aren't carrying any items that you can evoke.
Unknown command.
The gnoll attacks as you move away! The gnoll misses you.
There is an escape hatch in the ceiling here.
The gnoll hits you with a +0 flail! The gnoll barely misses you.
A mysterious force pulls you upwards. The hatch slams shut behind you.
You take 7 damage, and have 14/24 hp.
MASSIVE DAMAGE!!
You closely miss the gnoll. The gnoll hits you with a +0 flail!
* * * LOW HITPOINT WARNING * * *
You take 9 damage, and have 5/24 hp.
MASSIVE DAMAGE!!
The gnoll attacks as you move away! The gnoll closely misses you.
Magic courses through your body. The gnoll hits you with a +0 flail!
You die...

##...##..#....#
###
#...###.##...##
...## #)##..##
..## #†##...# .##
#.####.#####
#######.##.......#
#.....#.####.###.#
#.###.#.# #.# #g#
......#.# #.# #@#
#.###...# #.# #.#
#.###.### #.# #.#
#.##..######.# #.#
...#.###....>#
#.###
#..#.###.#####
#...# .........#
###.# #..#.#####
#.# #..#.# #.#


You could see a gnoll.

Vanquished Creatures
  An adder (D:2)
  A worm (D:2)
  A dart slug (D:1)
  An endoplasm (D:2)
  A giant cockroach (D:2)
  A goblin (D:2)
  4 hobgoblins
  4 jackals (D:2)
  5 kobolds
  3 ball pythons
  2 bats
  A frilled lizard (D:1)
  7 rats
32 creatures vanquished.

Notes
Turn   | Place    | Note
-------+----------+-------------------------------------------
     0 | D:1      | domi the Demonspawn Conjurer began the quest for the Orb.
     0 | D:1      | Reached XP level 1. HP: 13/13 MP: 3/3
   288 | D:1      | Gained mutation: You have a pair of small horns on your
                  | head. [demonic ancestry]
   288 | D:1      | Reached XP level 2. HP: 19/19 MP: 3/5
   291 | D:1      | Learned a level 2 spell: Searing Ray
   294 | D:1      | Learned a level 2 spell: Static Discharge
   993 | D:2      | Reached skill level 5 in Conjurations
   993 | D:2      | Reached XP level 3. HP: 24/24 MP: 2/6
  1473 | D:1      | HP: 5/24 [gnoll/+0 flail (9)]
  1480 | D:1      | Slain by a gnoll

Illustrated notes

Levels and vault maps discovered:
D:1:      elethiomel_arrival_shortcut, layout_loops_ring
D:2:      layout_rooms

Skill      XL: |  1  2 |
---------------+-------+-----
Conjurations   | 5 |  5.2
Dodging        | |  1.7
Stealth        | |  1.7
Spellcasting   | |  2.0
Air Magic      | |  0.3

Action                     || total
---------------------------++-------
  Melee: Unarmed           ||     3
         Mace              ||    36
         Headbutt          ||     3
   Cast: Magic Dart        ||    46
         Static Discharge  ||     6
    Use: Potion            ||     1
   Stab: Sleeping          ||     4
 Armour: Robe              ||    11
  Dodge: Dodged            ||    46

Table legend: (Time is in decaauts)
 A = Elapsed time spent in this place.
 B = Non-inter-level travel time spent in this place.
 C = Inter-level travel time spent in this place.
 D = Time resting spent in this place.
 E = Time spent auto-exploring this place.
 F = Levels seen in this place.
 G = Mean time per level.
                   A        B        C        D        E       F      G
               +--------+--------+--------+--------+--------+-----+--------+
         Total |   1493 |   1472 |     21 |      9 |   1216 |   2 |  746.5 |
       Dungeon |   1493 |   1472 |     21 |      9 |   1216 |   2 |  746.5 |
               +--------+--------+--------+--------+--------+-----+--------+

Top non-repeatable levels by time:
     D:1: 839 daAuts
     D:2: 653 daAuts

Table legend:
 A = Kills in this place as a percentage of kills in entire the game.
 B = Kills by you in this place as a percentage of kills by you in the entire game.
 C = Kills by friends in this place as a percentage of kills by friends in the entire game.
 D = Other kills in this place as a percentage of other kills in the entire game.
 E = Experience gained in this place as a percentage of experience gained in the entire game.
 F = Experience gained in this place divided by the number of levels of this place that you have seen.
                   A       B       C       D       E      F
               +-------+-------+-------+-------+-------+----------------------
         Total | 100.0 | 100.0 |   N/A |   N/A | 100.0 |  32.5
       Dungeon | 100.0 | 100.0 |   N/A |   N/A | 100.0 |  32.5
               +-------+-------+-------+-------+-------+----------------------
